 Dungeon Crawl Stone Soup version 0.30-a0-364-gf6b3ef1049 (webtiles) character file.

Game seed: 1804767022262630177

219 greasedhog the Poker (level 5, -2/43 HPs)
             Began as a Merfolk Fighter on Nov 16, 2022.
             Splashed by a jelly's acid (7 damage)
             ... on level 5 of the Dungeon.
             The game lasted 00:03:43 (2981 turns).

greasedhog the Poker (Merfolk Fighter)              Turns: 2981, Time: 00:03:45

Health: -2/43      AC: -11   Str: 18    XL:     5   Next: 96%
Magic:  5/5        EV: 12    Int:  8    God:
Gold:   159        SH:  5    Dex: 13    Spells: 4/4 levels left

rFire   . . .      SeeInvis .    a - +0 trident
rCold   . . .      Faith    .    c - +0 buckler
rNeg    . . .      Spirit   .    h - +0 leather armour
rPois   .          Reflect  .    n - +0 helmet
rElec   .          Harm     .    t - +0 cloak
rCorr   .          Rampage  .    (no gloves)
Will    .....                    s - +2 pair of boots {Stlth+}
Stlth   ++........               (no amulet)
HPRegen 0.27/turn                (no ring)
MPRegen 0.09/turn                (no ring)

@: corroded
A: (nimble swimmer 2), mertail
a: no special abilities


You were on level 5 of the Dungeon.
You visited 1 branch of the dungeon, and saw 5 of its levels.

You collected 159 gold pieces.

Inventory:

Hand Weapons
 a - a +0 trident (weapon)
Missiles
 k - 2 silver javelins (quivered)
Armour
 c - a +0 buckler (worn)
 h - a +0 leather armour (worn)
 n - a +0 helmet (worn)
 s - a +2 pair of boots of stealth (worn)
 t - a +0 cloak (worn)
Jewellery
 o - a +6 ring of intelligence
Wands
 d - a wand of iceblast (5)
 u - a wand of flame (5)
Scrolls
 g - a scroll of amnesia
 i - a scroll of enchant armour
 j - a scroll of magic mapping
 l - 2 scrolls of teleportation
 q - a scroll of silence
 r - a scroll of enchant weapon {unknown}
Potions
 b - 2 potions of degeneration {unknown}
 e - 2 potions of curing {unknown}
 f - a potion of ambrosia
 m - a potion of resistance {unknown}
 p - a potion of haste {unknown}
 v - a potion of mutation {unknown}
 w - a potion of invisibility
 x - a potion of experience {unknown}


   Skills:
 * Level 4.5 Fighting
 * Level 4.5 Polearms
 - Level 2.1 Armour
 * Level 3.3 Dodging
 * Level 4.1 Shields


You had 4 spell levels left.
You didn't know any spells.
Your spell library contained the following spells:

 Spells                   Type           Power      Damage    Failure   Level
 Cigotuvi's Dreadful Rot  Necr/Pois/Air  0%         N/A       71%         2
 Ensorcelled Hibernation  Hex/Ice        0%         N/A       71%         2
 Poisonous Vapours        Pois/Air       0%         N/A       71%         2
 Sublimation of Blood     Necr           0%         N/A       71%         2
 Gell's Gravitas          Tloc           0%         N/A       90%         3
 Lesser Beckoning         Tloc           0%         N/A       90%         3
 Mephitic Cloud           Conj/Pois/Air  0%         N/A       90%         3
 Spider Form              Tmut/Pois      0%         N/A       90%         3
 Teleport Other           Tloc           0%         N/A       90%         3
 Anguish                  Hex/Necr       0%         N/A       100%        4
 Petrify                  Tmut/Erth      0%         N/A       100%        4
 Irradiate                Conj/Tmut      0%         3d11      100%        5


Dungeon Overview and Level Annotations

Branches:
Dungeon (5/15)
 Temple: D:4-7

Altars:
Dithmenos
Makhleb
Trog
Uskayaw
Yredelemnul
Zin


Innate Abilities, Weirdness & Mutations

((You are very nimble when in or above water. (Stealth+, EV+, Speed+++)))
Your lower body shifts to a powerful aquatic tail in water.


Message History

You barely miss the orc. The orc hits you but does no damage.
You barely miss the orc. The orc hits you but does no damage.
The jelly quivers.
You hit the orc.
The orc is moderately wounded.
The orc hits you with a +0 club.
You hit the orc.
The orc is almost dead.
The orc hits you but does no damage.
You closely miss the orc.
The orc is almost dead.
The orc barely misses you.
You puncture the orc!
You kill the orc!
Throw: 3 javelins (silver)
Press: ? - help, Q - select action, (/) - cycle Shift-Dir - straight line, f - jelly
Aim: a jelly (89% to hit)
You throw a silver javelin.
The silver javelin pierces through the jelly!
The jelly is severely wounded.
You hit the jelly. The acid corrodes you!
Your hands burn!
The jelly is almost dead.
The jelly hits you but does no damage.
You hit the jelly but do no damage. The acid corrodes you!
Your hands burn!
The jelly is almost dead.
You block the jelly's attack.
You hit the jelly but do no damage.
Your hands burn!
The jelly is almost dead.
The jelly hits you. The acid corrodes you!
You are splashed with acid!
You hit the jelly. The acid corrodes you!
Your hands burn!
The jelly is almost dead.
The jelly hits you.
You are splashed with acid!
* * * LOW HITPOINT WARNING * * *
You hit the jelly but do no damage.
Your hands burn!
* * * LOW HITPOINT WARNING * * *
The jelly is almost dead.
The jelly hits you.
* * * LOW HITPOINT WARNING * * *
The acid corrodes you!
You are splashed with acid!
You die...

#..<...# #......#
#......# #......#
###.#### #.# #.#
#####
######.###......
.........@J.....(
........###......
######### .....
.... ... ##


You could see a jelly.

Vanquished Creatures
  Crazy Yiuf (D:2)
  Ijyb (D:3)
  Natasha (thrice) (D:2)
  An iguana (D:4)
  Robin (D:2)
  2 adders
  A worm (D:3)
  3 dart slugs
  6 orcs
  3 endoplasms
  A giant cockroach (D:2)
  7 goblins
  7 hobgoblins
  A quokka (D:1)
  4 ball pythons
  A bat (D:2)
  5 frilled lizards
  5 kobolds
  2 rats
55 creatures vanquished.

Notes
Turn   | Place    | Note
-------+----------+-------------------------------------------
     0 | D:1      | greasedhog the Merfolk Fighter began the quest for the Orb.
     0 | D:1      | Reached XP level 1. HP: 18/18 MP: 1/1
   464 | D:1      | Found a faded altar of an unknown god.
   540 | D:2      | Reached skill level 1 in Dodging
   540 | D:2      | Reached XP level 2. HP: 24/24 MP: 2/2
   542 | D:2      | You fall into a shaft and drop 2 floors!
   776 | D:3      | Reached XP level 3. HP: 16/29 MP: 3/3
  1000 | D:2      | Noticed Robin
  1152 | D:2      | Killed Robin
  1153 | D:2      | Reached XP level 4. HP: 26/37 MP: 4/4
  1213 | D:2      | Noticed Natasha
  1222 | D:2      | Killed Natasha
  1566 | D:2      | Noticed Natasha
  1575 | D:2      | Killed Natasha
  1712 | D:2      | Reached XP level 5. HP: 42/42 MP: 5/5
  1750 | D:2      | Found a runed translucent door.
  1751 | D:2      | Noticed Crazy Yiuf
  1802 | D:2      | Noticed Natasha
  1822 | D:2      | Killed Natasha
  2027 | D:2      | Killed Crazy Yiuf
  2176 | D:3      | Found a hide-covered altar of Uskayaw.
  2228 | D:3      | Noticed Ijyb
  2242 | D:3      | Killed Ijyb
  2446 | D:3      | Found a bloodstained altar of Trog.
  2466 | D:3      | Found a shadowy altar of Dithmenos.
  2466 | D:3      | Found a glowing silver altar of Zin.
  2466 | D:3      | Found a burning altar of Makhleb.
  2466 | D:3      | Found a basalt altar of Yredelemnul.
  2953 | D:5      | Entered Level 5 of the Dungeon
  2981 | D:5      | Splashed by a jelly's acid

Illustrated notes

Levels and vault maps discovered:
D:1:      dpeg_arrival_ternary, layout_rooms,
          hellmonk_ecumenical_altar_inner_sanctum
D:2:      layout_loops_ring, uniq_crazy_yiuf_cottage, uniq_robin, uniq_natasha
D:3:      layout_rooms, nicolae_uskayaw_suspiria, lightli_temple_of_fire,
          chequers_temple_overflow_statue_of_worship, hex_large, uniq_ijyb
D:4:      layout_rooms
D:5:      layout_basic, minmay_temple_entry_arrows

Skill      XL: |  1  2  3  4  5 |
---------------+----------------+-----
Polearms       | 3 4 |  4.5
Dodging        | 1 2 3 |  3.3
Fighting       | 4 |  4.5
Shields        | 4 |  4.1
Armour         | |  2.1

Action                   |  1- 3 |  4- 6 || total
-------------------------+-------+-------++-------
Melee: Trident           |    87 |   128 ||   215
Throw: Javelin           |       |     5 ||     5
  Use: Scroll            |     4 |     2 ||     6
       Potion            |       |     1 ||     1
 Stab: Sleeping          |     1 |     8 ||     9
Armor: Leather armour    |    27 |    36 ||    63
Dodge: Dodged            |    41 |    31 ||    72
Block: Buckler           |    17 |    20 ||    37

Table legend: (Time is in decaauts)
 A = Elapsed time spent in this place.
 B = Non-inter-level travel time spent in this place.
 C = Inter-level travel time spent in this place.
 D = Time resting spent in this place.
 E = Time spent auto-exploring this place.
 F = Levels seen in this place.
 G = Mean time per level.
                   A        B        C        D        E       F      G
               +--------+--------+--------+--------+--------+-----+--------+
         Total |   3043 |   2941 |    102 |    156 |   2198 |   5 |  608.6 |
       Dungeon |   3043 |   2941 |    102 |    156 |   2198 |   5 |  608.6 |
               +--------+--------+--------+--------+--------+-----+--------+

Top non-repeatable levels by time:
     D:2: 1136 daAuts
     D:3: 740 daAuts
     D:1: 613 daAuts
     D:4: 521 daAuts
     D:5: 30 daAuts
